 Dungeon Crawl Stone Soup version 0.29.1-15-g9cfb28693d (webtiles) character file.

Game seed: 9887429002515824941

7787 McKennaii the Destroyer (level 10, -6/69 HPs)
             Began as a Demigod Earth Elementalist on Mar 2, 2023.
             Mangled by a two-headed ogre
             ... wielding a +0 giant club
              (14 damage)
             ... on level 9 of the Dungeon.
             The game lasted 00:14:08 (10589 turns).

McKennaii the Destroyer (DgEE)                     Turns: 10589, Time: 00:14:09

Health: -6/69      AC:  5    Str:  9    XL:     10   Next: 70%
Magic:  16/28      EV: 12    Int: 29    God:
Gold:   759        SH:  5    Dex: 14    Spells: 25/29 levels left

rFire   . . .      SeeInvis .   E - +8 great mace of the Unstoppable Knives {vorpal, rC+}
rCold   + . .      Faith    .   (shield currently unavailable)
rNeg    + . .      Spirit   .   m - +2 robe {rN+}
rPois   .          Reflect  +   (no helmet)
rElec   .          Harm     .   (no cloak)
rCorr   .          Rampage  .   (no gloves)
Will    +....                   g - +0 pair of boots
Stlth   ++........              H - amulet of reflection
HPRegen 0.21/turn               k - ring of wizardry
MPRegen 0.21/turn               (no ring)

@: about to teleport
A: high MP 1, forlorn, divine attributes
a: no special abilities


You were on level 9 of the Dungeon.
You visited 1 branch of the dungeon, and saw 9 of its levels.
You also visited: Bailey.

You collected 795 gold pieces.
You spent 36 gold pieces at shops.

Inventory:

Hand Weapons
 E - the +8 great mace of the Unstoppable Knives (weapon) {vorpal, rC+}
   (You took it off an ogre on level 4 of the Dungeon)

   It inflicts extra damage upon your enemies.
   rC:        It protects you from cold.
Armour
 g - a +0 pair of boots (worn)
 m - a +2 robe of positive energy (worn)
Jewellery
 k - a ring of wizardry (left hand)
 H - an amulet of reflection (around neck)
Wands
 u - a wand of quicksilver (1)
 v - a wand of digging (5)
 z - a wand of roots (2)
 G - a wand of flame (16)
Scrolls
 c - a scroll of torment
 f - 4 scrolls of vulnerability
 j - 2 scrolls of teleportation
 l - 5 scrolls of poison
 n - 2 scrolls of amnesia
 q - 3 scrolls of enchant armour
 t - 4 scrolls of butterflies
 y - a scroll of blinking
 A - 4 scrolls of immolation
 B - 3 scrolls of fear
 C - a scroll of brand weapon {unknown}
 D - a scroll of enchant weapon {unknown}
Potions
 a - a potion of brilliance {unknown}
 b - a potion of magic
 d - 2 potions of berserk rage
 e - 2 potions of cancellation {unknown}
 h - 2 potions of attraction {unknown}
 i - 3 potions of resistance {unknown}
 o - a potion of might {unknown}
 p - 2 potions of heal wounds
 r - a potion of haste
 s - a potion of flight {unknown}
 w - 4 potions of curing {unknown}
 x - a potion of mutation {unknown}
 F - 2 potions of invisibility


   Skills:
 - Level 1.7 Dodging
 - Level 1.7 Stealth
 + Level 10.0 Spellcasting
 + Level 10.4 Conjurations
 - Level 0.8 Transmutations
 - Level 5.2 Earth Magic


You had 25 spell levels left.
You knew the following spells:

 Your Spells              Type           Power      Damage    Failure   Level
a - Sandblast             Erth           90%        2d19      1%          1
b - Stone Arrow           Conj/Erth      100%       3d13      1%          3

Your spell library contained the following spells:

 Spells                   Type           Power      Damage    Failure   Level
 Apportation              Tloc           28%        N/A       1%          1
 Beastly Appendage        Tmut           38%        N/A       1%          1
 Necrotise                Necr           56%        1d6       1%          1
 Summon Small Mammal      Summ           56%        N/A       1%          1
 Passwall                 Tmut/Erth      26%        N/A       1%          2
 Static Discharge         Conj/Air       44%        3-9/arc   1%          2
 Wereblood                Tmut           19%        N/A       1%          2
 Sticky Flame             Conj/Fire      44%        2d6       1%          4
 Ensorcelled Hibernation  Hex/Ice        28%        N/A       2%          2
 Ozocubu's Armour         Ice            14%        N/A       4%          3
 Portal Projectile        Hex/Tloc       28%        N/A       4%          3
 Spider Form              Tmut/Pois      17%        N/A       4%          3
 Swiftness                Air            14%        N/A       4%          3
 Tukima's Dance           Hex            14%        N/A       4%          3
 Petrify                  Tmut/Erth      32%        N/A       4%          4
 Dispel Undead            Necr           14%        3d10      16%         4
 Blade Hands              Tmut           9%         N/A       28%         5
 Ozocubu's Refrigeration  Ice            7%         4d9       100%        7


Dungeon Overview and Level Annotations

Branches:
Dungeon (9/15)             Temple (0/1) D:6          Bailey (visited)
   Lair: D:8-11         Orc: D:9-12

Shops:
D:1 (   D:2 ?   D:6 *(   D:7 [   D:8 (


Innate Abilities, Weirdness & Mutations

You have an increased reservoir of magic. (+10% MP)
You shall have no god before yourself.
Your divine heritage dramatically boosts your attributes as you level up.


Message History

Unknown command.
You barely miss the kobold.
The kobold hits you with a +0 short sword.
A two-headed ogre comes into view. It is wielding two +0 giant clubs.
The kobold barely misses you.
Unknown command.
You barely miss the kobold.
The kobold hits you with a +0 short sword.
The howler monkey hoots and howls with incredible vigour!
You block the two-headed ogre's attack.
The two-headed ogre hits you with a +0 giant club.
The kobold closely misses you.
You hear a shout! x2; You hear a bellow! x3
Casting: Stone Arrow (safe; 1% risk of failure)
Confirm with . or Enter, or press ? or * to list all spells.
Aiming: Stone Arrow (safe; 1% risk of failure)
Press: ? - help, Shift-Dir - straight line, f - two-headed ogre
Aim: a two-headed ogre, wielding two +0 giant clubs (89% to hit)
The stone arrow hits the two-headed ogre!
The two-headed ogre is moderately wounded.
The kobold misses you.
A two-headed ogre comes into view.
It is wielding a +0 giant club and a +0 giant spiked club.
Casting: Stone Arrow (safe; 1% risk of failure)
Confirm with . or Enter, or press ? or * to list all spells.
Aiming: Stone Arrow (safe; 1% risk of failure)
Press: ? - help, Shift-Dir - straight line, f/p - two-headed ogre
Aim: a two-headed ogre, wielding two +0 giant clubs (moderately wounded, 89% to hit)
The stone arrow hits the two-headed ogre!!
The two-headed ogre is severely wounded.
You block the two-headed ogre's attack.
The two-headed ogre hits you with a +0 giant club!!
The kobold closely misses you.
Unknown command.
As you read the scroll of teleportation, it crumbles to dust.
You feel strangely unstable.
The howler monkey hoots and howls with incredible vigour!
The two-headed ogre hits you with a +0 giant club!!
* * * LOW HITPOINT WARNING * * *
The two-headed ogre hits you with a +0 giant club!
You die...

#........ #........
#........ ##KK......
#Ko##..... #.o....#..
#h###..... #K##......
#@#....... ###O#.......
##############..O#.......
.......<..............>..
#######))#)....##........
##.)...............
#.................
#.................
########..............<..


You could see 2 two-headed ogres, a howler monkey (catching breath), 2 orcs and
4 kobolds.

Vanquished Creatures
  2 two-headed ogres
  Pikel (D:4)
  The ghost of Gustavia the Grave Robber, a novice DsNe (D:4)
  Prince Ribbit (D:7)
  A wraith (D:9)
  7 yaks
  Eustachio (D:4)
  A steam dragon (D:7)
  Duvessa (D:5)
  An acid dragon (D:6)
  A water moccasin (D:7)
  2 black bears
  An ice beast (D:5)
  3 orc warriors
  2 sky beasts
  5 ogres
  2 centaurs (D:6)
  2 lemures
  2 phantoms (D:6)
  11 kobold brigands
  8 bullfrogs
  A gnoll sergeant (D:6)
  A scorpion (D:5)
  8 wights
  Dowan (D:5)
  2 howler monkeys
  2 hounds
  3 jellies
  3 orc priests
  5 orc wizards
  5 adders
  7 gnolls (D:8)
  2 shadow imps
  A white imp (D:6)
  An ufetubus (D:4)
  6 dart slugs
  17 orcs
  9 endoplasms
  6 giant cockroaches
  7 goblins
  3 hobgoblins
  2 jackals (D:4)
  17 kobolds
  5 quokkas
  12 ball pythons
  3 bats
  5 frilled lizards
  6 rats
196 creatures vanquished.

Notes
Turn   | Place    | Note
-------+----------+-------------------------------------------
     0 | D:1      | McKennaii the Demigod Earth Elementalist began the quest
                  | for the Orb.
     0 | D:1      | Reached XP level 1. HP: 14/14 MP: 5/5
   301 | D:1      | Found Wesenwos's Weapon Shop.
   652 | D:1      | Reached XP level 2. HP: 20/20 MP: 5/7
  1352 | D:2      | Found Baqariez's Magic Scroll Shop.
  1375 | D:2      | Bought a scroll of teleportation for 36 gold pieces
  1556 | D:2      | Reached XP level 3. HP: 26/26 MP: 7/9
  1605 | D:2      | Learned a level 3 spell: Stone Arrow
  2310 | D:3      | You fall into a shaft and drop 3 floors!
  2342 | D:5      | Entered Level 5 of the Dungeon
  2386 | D:5      | Reached XP level 4. HP: 33/33 MP: 7/11
  2392 | D:5      | Reached skill level 1 in Conjurations
  2595 | D:4      | Reached XP level 5. HP: 38/38 MP: 7/12
  4229 | D:4      | Found a transporter.
  4230 | D:4      | Found a transporter.
  4230 | D:4      | Noticed an ogre
  4231 | D:4      | Noticed Gustavia's ghost (novice DsNe)
  4232 | D:4      | Noticed an ogre
  4233 | D:4      | Identified the +8 great mace of the Unstoppable Knives
                  | {vorpal, rC+}
  4233 | D:4      | Noticed an ogre
  4440 | D:5      | Noticed Pikel
  4743 | D:5      | Noticed Eustachio
  4744 | D:5      | Noticed Dowan
  4744 | D:5      | Noticed Duvessa
  4761 | D:5      | Killed Duvessa
  4762 | D:5      | Reached XP level 6. HP: 13/45 MP: 4/15
  4792 | D:4      | Killed Eustachio
  5246 | D:5      | Reached skill level 5 in Earth Magic
  5267 | D:5      | Reached XP level 7. HP: 50/50 MP: 14/16
  5487 | D:4      | Killed Pikel
  5488 | D:4      | Reached skill level 5 in Spellcasting
  5488 | D:4      | Reached skill level 5 in Conjurations
  5488 | D:4      | Reached XP level 8. HP: 14/57 MP: 8/19
  5872 | D:5      | Killed Dowan
  6177 | D:4      | Killed Gustavia's ghost
  6368 | D:6      | Found a staircase to the Ecumenical Temple.
  6493 | D:6      | Found Lsow's Luxury Loot.
  6665 | D:6      | Found Ugavvamp's Weapon Emporium.
  7043 | D:6      | Reached XP level 9. HP: 52/62 MP: 13/23
  7128 | D:6      | Noticed a two-headed ogre
  7594 | D:6      | Killed a two-headed ogre
  8083 | D:7      | Found a flagged portal.
  8139 | Bailey   | Entered a bailey
  8325 | Bailey   | HP: 2/62 [kobold brigand/+0 war axe (10)]
  8433 | Bailey   | Reached XP level 10. HP: 46/69 MP: 17/27
  8784 | D:7      | Found Xompaol's Armour Shop.
  9355 | D:7      | Noticed Prince Ribbit
  9362 | D:7      | Killed Prince Ribbit
  9782 | D:8      | Noticed a two-headed ogre
  9787 | D:8      | Killed a two-headed ogre
  9824 | D:8      | Found Xixaeh's Antique Weapon Emporium.
  9895 | D:8      | Reached skill level 10 in Conjurations
 10384 | D:9      | Noticed a death yak
 10384 | D:9      | Noticed a death yak
 10489 | D:9      | Reached skill level 10 in Spellcasting
 10585 | D:9      | Noticed a two-headed ogre
 10587 | D:9      | Noticed a two-headed ogre
 10589 | D:9      | Mangled by a two-headed ogre

Illustrated notes

Levels and vault maps discovered:
D:1:      lemuel_arrival_hallway, layout_basic, serial_shops,
          nicolae_shop_bloodbath_and_beyond
D:2:      layout_basic, serial_shops,
          nicolae_shop_temple_entry_statues_fountains, basic_ecumenical_altar,
          dreamdust_princess_corridor, minmay_misc_feat_cross,
          grunt_ministairs_13
D:3:      layout_loops_corners
D:4:      layout_basic, nicolae_hepliaklqana_hazy_memory,
          nemelex_dance_club_becter, gammafunk_ghost_smash
D:5:      layout_gridville, uniq_duvessa, uniq_pikel, uniq_eustachio
D:6:      cheibrodos_barr_body, layout_cave_pools, xom_teletrap_fun,
          minmay_temple_entry_wispy, serial_shops, nicolae_shop_behind_doors,
          nicolae_alphabet_shops
D:7:      layout_basic, mainiacjoe_overflow_paths, serial_shops, shop,
          enter_bailey_2, reono_crystal_passage, uniq_prince_ribbit1
D:8:      layout_rooms, serial_shops, nicolae_square_shop
D:9:      layout_rooms, dpeg_lair_monsters, serial_shops, shop, minivault_13

Skill      XL: |  1  2  3  4  5  6  7  8  9 10 |
---------------+-------------------------------+-----
Spellcasting   | 2 3 4 5 7 8 10 | 10.0
Earth Magic    | 3 4 5 |  5.2
Conjurations   | 1 2 3 5 7 9 10 | 10.4
Dodging        | |  1.7
Stealth        | |  1.7
Transmutations | |  0.8

Action                   |  1- 3 |  4- 6 |  7- 9 | 10-12 || total
-------------------------+-------+-------+-------+-------++-------
Melee: Dagger            |    10 |     3 |     4 |       ||    17
       Great mace        |       |       |    17 |    10 ||    27
 Cast: Sandblast         |    64 |    72 |    58 |    52 ||   246
       Stone Arrow       |       |     7 |    58 |    29 ||    94
Evoke: Wand              |       |     2 |     3 |       ||     5
  Use: Scroll            |     3 |     1 |     4 |     4 ||    12
       Potion            |       |       |     2 |       ||     2
Armor: Robe              |     7 |     3 |    13 |    10 ||    33
Dodge: Dodged            |    20 |    27 |    50 |    21 ||   118
Block: Other             |       |       |       |     9 ||     9
       Reflection        |       |       |       |     1 ||     1
